[Event "Tata Steel-A 80th"]
[Site "Wijk aan Zee"]
[Date "2018.01.20"]
[Round "7"]
[White "Karjakin, Sergey"]
[Black "Caruana, Fabiano"]
[Result "1-0"]
[ECO "D37"]
[WhiteElo "2753"]
[BlackElo "2811"]
[Annotator "Golubev,M"]
[PlyCount "91"]
[EventDate "2018.01.13"]
[EventType "tourn"]
[EventRounds "13"]
[EventCountry "NED"]
[EventCategory "20"]
[SourceTitle "CBM 183"]
[Source "ChessBase"]
[SourceDate "2018.03.14"]
[SourceVersion "1"]
[SourceVersionDate "2018.03.14"]
[SourceQuality "1"]
[TimeControl "40/6000+30:20/3000+30:900+30"]

1. d4 Nf6 2. c4 e6 3. Nf3 d5 4. Nc3 a6
$5 {[%emt 0:00:06] Until recently, it was not possible to see this move in top
level chess (with several notable exceptions such as Staunton's 1843 game).
But times change! Today's top guys can play, generally, just anything that is
not refuted by their computers during home preparation.} 5. cxd5 exd5 6. Bg5 Be6 7. e3 Nbd7 8. Bd3 h6 9. Bh4 g5 {[%emt 0:00:06] This is a topical line, first
played with Black by GM Fedoseev in 2016.} 10. Bg3 Nh5 11. Be5 {[%emt 0:01:22] But now Caruana comes up with
something unusual.} Nhf6 $5 ({Instead,} 11... Ng7 {was tested
in many games last year.}) 12. Bg3 ({White also had more
active moves around here. After} 12. Qb3 {curious is} g4 13. Bxf6 Qxf6 14. Ne5
Nxe5 15. dxe5 Qxe5 16. Qxb7 Rd8 17. Qc6+ Ke7 18. O-O {where Black can even
consider} Kf6 $5 {planning to hide his king on g7.}) 12... Nh5 13. Nd2 Nxg3 14. hxg3 Nb6 ({Other ideas were} 14... c5 $5 {and 14...c6.}) 15. Qc2 Bd6 ({Better could have been} 15... c6 {
after which} 16. e4 {is premature because of} dxe4 {and the d4-pawn falls.})
16. e4 $1 {[%emt 0:11:05] Now White develops the initiative.} dxe4 ({Possibly preferable was} 16... Qd7 $5 {, and if} 17. e5 Be7 {.}) 17.
Bxe4 Qe7 $2 ({Black had to play} 17... c6 {
with a surely somewhat worse position. (Karjakin intended to continue} 18.
O-O-O $1 {). But instead Caruana blunders a pawn.}) 18. Bxb7 $3 Rb8 ({It turns that all discovered checks lead Black
nowhere. For example,} 18... Bd5+ 19. Kf1 Bxb7 20. Re1 $18) 19. Bc6+ Kf8 20. O-O Qf6 21.
Nf3 Kg7 22. Rfe1 Rhd8 23. Ne4 Qg6 24. d5 $1 {
[%emt 0:02:23] An energetic way of converting the advantage. White gives his
extra pawn back, but prevents ...Nd5 and develops a crushing intiative.} Nxd5 25. Bxd5 Bxd5 26. Qc3+ f6 27. Nxd6 cxd6 28. Nd4 $1 $18 {[%emt 0:03:20] Black simply has too many weaknesses,
including the vulnerable king.} Rd7 29. Qa5 Bf7 30. b3 Ra8 31. Rac1 d5 32. Rc7 Rxc7 33. Qxc7 Qd3 34. Ne6+ Kg6 35. Nd8 Rxd8 36. Qxd8 {
[%emt 0:00:05] And White converts his extra exchange.} Qd2 37.
Qe7 Qxa2 38. Re3 Qb1+ 39. Kh2 Qf5 40. Qc7 d4 41. Re7 Qd5 42.
b4 Be6 43. Qb6 Bf7 44. Qxa6 d3 45. Re3 Qc4 46. Qa3 {[%emt 0:00:08] Black's d3-pawn falls; there's
nothing to play for anymore.} 1-0

[Event "Tata Steel-A 80th"]
[Site "Wijk aan Zee"]
[Date "2018.01.20"]
[Round "7"]
[White "Matlakov, Maxim"]
[Black "Adhiban, Baskaran"]
[Result "1/2-1/2"]
[ECO "E68"]
[WhiteElo "2718"]
[BlackElo "2655"]
[PlyCount "106"]
[EventDate "2018.01.13"]
[EventType "tourn"]
[EventRounds "13"]
[EventCountry "NED"]
[EventCategory "20"]
[SourceTitle "CBM 183"]
[Source "ChessBase"]
[SourceDate "2018.03.14"]
[SourceVersion "1"]
[SourceVersionDate "2018.03.14"]
[SourceQuality "1"]
[TimeControl "40/6000+30:20/3000+30:900+30"]

1. d4 g6 2. c4 Bg7 3. Nf3 Nf6 4. g3 O-O 5. Bg2 d6 6. O-O Nbd7 7. Nc3 e5 8. e4 Re8 9. h3 exd4 10. Nxd4 a6 11. Be3 Rb8 12. b3 Nc5 13. Qc2 Bd7 14. b4 Ne6 15.
Nb3 Qc8 16. Kh2 b5 17. c5 Nd8 18. Rad1 Nc6 19. a3 Ne5 20. Na5 h5 21. Nd5 Nxd5 22. exd5 h4 23. Bg5 dxc5 24. Qxc5 Bf5 25. Bxh4 Nd3 26. Qa7 Ra8 27. Qb7 Qxb7 28. Nxb7 Nb2 29. d6 Nxd1 30. Rxd1 cxd6 31. Nxd6 Rad8 32. Rd5 Be6 33. Nxe8 Rxd5 34. Bxd5 Bxd5 35. Bf6 Bf8 36. f4 Bc6 37. Nc7 a5 38. Na6 axb4 39. axb4 Bb7 40. Nc5 Bd5 41. g4 Bd6 42. Kg3 Kh7 43. h4 Kh6 44. Be5 Bxc5 45. bxc5 f5 46. g5+ Kh7 47. Bc3 Bc6 48. Kf2 Kg8 49. Ke3 Kf7 50. Kd4 Ke6 51. Be1 Bf3 52. Kc3 Kd5 53. Kb4 Kc6 1/2-1/2

[Event "Tata Steel-A 80th"]
[Site "Wijk aan Zee"]
[Date "2018.01.20"]
[Round "7"]
[White "So, Wesley"]
[Black "Giri, Anish"]
[Result "1/2-1/2"]
[ECO "D56"]
[WhiteElo "2792"]
[BlackElo "2752"]
[PlyCount "79"]
[EventDate "2018.01.13"]
[EventType "tourn"]
[EventRounds "13"]
[EventCountry "NED"]
[EventCategory "20"]
[SourceTitle "CBM 183"]
[Source "ChessBase"]
[SourceDate "2018.03.14"]
[SourceVersion "1"]
[SourceVersionDate "2018.03.14"]
[SourceQuality "1"]
[TimeControl "40/6000+30:20/3000+30:900+30"]

1. d4 Nf6 2. c4 e6 3. Nc3 d5 4. Bg5 Be7 5. e3 h6 6. Bh4 O-O 7. Nf3 Nbd7 8. Be2 c5 9. O-O dxc4 10. Bxc4 cxd4 11. Nxd4 Ne5 12. Be2 Bd7 13. Qb3 Qb6 14. Qxb6 axb6 15. Bg3 Nc6 16. Ndb5 Na7 17. Nxa7 Rxa7 18. Rfd1 Rc8 19. Bd6 Kf8 20. Bxe7+ Kxe7 21. Rd4 Bc6 22. Rb4 Nd7 23. Rd1 Ra5 24. f3 Rc5 25. Kf2 Ra8 26. h4 g5 27. Rc1 Rca5 28. e4 Rg8 29. hxg5 hxg5 30. Rd4 Ne5 31. Rh1 Raa8 32. Rh5 Nd7 33. Ke3 Nf6 34. Rh1 Rgc8 35.
g3 Rg8 36. a3 Rgc8 37. Rb4 Nd7 38. Rd4 Nf6 39. Rb4 Nd7 40. Rd4
1/2-1/2

[Event "Tata Steel-A 80th"]
[Site "Wijk aan Zee"]
[Date "2018.01.21"]
[Round "8"]
[White "Kramnik, Vladimir"]
[Black "So, Wesley"]
[Result "1/2-1/2"]
[ECO "E05"]
[WhiteElo "2787"]
[BlackElo "2792"]
[PlyCount "56"]
[EventDate "2018.01.13"]
[EventType "tourn"]
[EventRounds "13"]
[EventCountry "NED"]
[EventCategory "20"]
[SourceTitle "CBM 183"]
[Source "ChessBase"]
[SourceDate "2018.03.14"]
[SourceVersion "1"]
[SourceVersionDate "2018.03.14"]
[SourceQuality "1"]
[TimeControl "40/6000+30:20/3000+30:900+30"]

1. Nf3 d5 2. g3 Nf6 3. Bg2 e6 4. O-O Be7 5. c4 O-O 6. d4 dxc4 7. Qa4 a6 8. Qxc4 b5 9. Qc2 Bb7 10. Bd2 Be4 11. Qc1 c6 12. Rd1 Nbd7 13.
Nc3 Bg6 14. Bg5 Rc8 15. a3 a5 16. h4 h6 17. Bxf6 Bxf6 18.
Qe3 Qb6 19. Ne4 Be7 20. Rac1 Rfd8 21. Nc5 Nxc5 22. Ne5 Nd7 23. Nxg6 Bf6 24. g4 c5 25. dxc5 Rxc5 26. Rxc5 Qxc5 27. Rxd7 Qxe3 28. Rxd8+ Bxd8 1/2-1/2

[Event "Tata Steel-A 80th"]
[Site "Wijk aan Zee"]
[Date "2018.01.21"]
[Round "8"]
[White "Svidler, Peter"]
[Black "Anand, Viswanathan"]
[Result "1/2-1/2"]
[ECO "D40"]
[WhiteElo "2768"]
[BlackElo "2767"]
[PlyCount "54"]
[EventDate "2018.01.13"]
[EventType "tourn"]
[EventRounds "13"]
[EventCountry "NED"]
[EventCategory "20"]
[SourceTitle "CBM 183"]
[Source "ChessBase"]
[SourceDate "2018.03.14"]
[SourceVersion "1"]
[SourceVersionDate "2018.03.14"]
[SourceQuality "1"]
[TimeControl "40/6000+30:20/3000+30:900+30"]

1. c4 c5 2. Nf3 Nc6 3. Nc3 Nf6 4. e3 e6 5. d4 d5 6. a3 a6 7. dxc5 Bxc5 8. b4 Bd6 9. Bb2 O-O 10. cxd5 exd5 11. Be2 Be6 12. O-O Qe7 13. Rc1 a5 14. Nb5 Bb8 15. bxa5 Nxa5 16. Bxf6 Qxf6 17. Nc7 Bxc7 18. Rxc7 Rac8 19. Rxc8 Rxc8 20. Nd4 Nc4 21.
Nxe6 fxe6 22. e4 d4 23. Bxc4 Rxc4 24. Qb3 Rc7 25. f4 h6 26. f5 Re7 27. fxe6 Qxe6 1/2-1/2

[Event "Tata Steel-A 80th"]
[Site "Wijk aan Zee"]
[Date "2018.01.21"]
[Round "8"]
[White "Wei, Yi"]
[Black "Matlakov, Maxim"]
[Result "1/2-1/2"]
[ECO "C47"]
[WhiteElo "2743"]
[BlackElo "2718"]
[PlyCount "51"]
[EventDate "2018.01.13"]
[EventType "tourn"]
[EventRounds "13"]
[EventCountry "NED"]
[EventCategory "20"]
[SourceTitle "CBM 183"]
[Source "ChessBase"]
[SourceDate "2018.03.14"]
[SourceVersion "1"]
[SourceVersionDate "2018.03.14"]
[SourceQuality "1"]
[TimeControl "40/6000+30:20/3000+30:900+30"]

1. e4 e5 2. Nf3 Nc6 3. Nc3 Nf6 4. d4 exd4 5. Nxd4 Bb4 6.
Nxc6 bxc6 7. Bd3 d5 8. exd5 O-O 9. O-O cxd5 10. Bg5 c6 11.
Qf3 Bd6 12. Rae1 Rb8 13. Nd1 h6 14. Bxf6 Qxf6 15. Qxf6 gxf6 16. b3 a5 17. Ne3 Bb4 18. Re2 a4 19. Nf5 Bxf5 20. Bxf5 Rfd8 21. Re3 axb3 22. axb3 c5 23. Rg3+ Kf8 24. Rh3 Kg7 25. Rg3+ Kf8 26. Rh3 1/2-1/2

[Event "Tata Steel-A 80th"]
[Site "Wijk aan Zee"]
[Date "2018.01.23"]
[Round "9"]
[White "Caruana, Fabiano"]
[Black "Adhiban, Baskaran"]
[Result "1/2-1/2"]
[ECO "E71"]
[WhiteElo "2811"]
[BlackElo "2655"]
[Annotator "Fernandez,D"]
[PlyCount "121"]
[EventDate "2018.01.13"]
[EventType "tourn"]
[EventRounds "13"]
[EventCountry "NED"]
[EventCategory "20"]
[SourceTitle "CBM 183"]
[Source "ChessBase"]
[SourceDate "2018.03.14"]
[SourceVersion "1"]
[SourceVersionDate "2018.03.14"]
[SourceQuality "1"]
[TimeControl "40/6000+30:20/3000+30:900+30"]

1. c4 Nf6 2. Nc3 g6 3. e4 {[%emt 0:00:14] The Anti-Grьnfeld move order, but
presumably Black had no intention of playing anything other than a King's
Indian anyway.} d6 4. d4 Bg7 5. h3 Na6 6. Be3 O-O 7. g4 (7. Nf3 {led surprisingly quickly to an
unfavourable position in a predecessor by the same player.} c6 8. Rc1 e5 9. d5
cxd5 (9... Nc5 $5) 10. cxd5 $14 {Nepomniachtchi,I-Adhiban,B Tbilisi 2017,
where the position was already hard to play for Black, and this is not just
the standard machine dislike of the King's Indian!}) 7... c5 {[%emt 0:11:07]
Gawain Jones chose an approach with ...e5 instead, earlier in this event.} 8.
Nge2 b6 $5 {[%emt 0:27:00] Not a machine top choice, but the
only move to play a substantially different position from the ones after ...
cxd4, ...Nd7, et cetera, which are just mangled Maroczy binds.} 9. e5 (9. Bg2 Bb7 10. d5 Nc7 11. O-O Nd7 {would have been the principled
continuation from both sides - Black will manage to arrange a plausible ...b5,
...e6 or ...f5 break in the near future and thus has a fully playable game.})
9... Ne8 {[%emt 0:04:47] Now, as in the classic game Letelier-Fischer, White's
centre appears to be on the brink of being detonated.} 10. Bg2 Rb8 11. O-O Bb7 12. Bxb7 (12. f4 Bxg2 13. Kxg2 Qc7 {will not hold up White's centre for
long. Ideas for Black include not only ...cxd4 but also ...Qb7 and ...Nac7.})
12... Rxb7 13. Qa4 Nec7 $6 (
13... Nb4 {was more convincing, if a bit inhuman: after} 14. a3 $6 Nd3 $1 $15 {
White's centre is toast. So he must voluntarily dismantle it with 14.exd6 or
similar.}) 14. exd6 exd6 15. Rad1 Qh4 (15... Qe8 16. Qxe8 Rxe8 17. Rd2 $14 {is very
comfortable for White, because his centre is even nicer than in the game.}) 16.
Kg2 f5 17. f3 {[%emt 0:06:57] The situation
has now stabilised and seems to be marginally in White's favour.} Qe7 18. Bf2 Qe8 (18... Nb4 {was again
the move, resting upon the slightly awkward-looking tactical nuance} 19. a3 Na2
$1 $11) 19. Qxe8 Nxe8 20. g5 Nec7 21. Bg3 Ne6 (21... b5 {
was maybe the last chance for Black to try and claim an opening success.} 22.
Bxd6 Re8 23. dxc5 b4 {and amidst significant complications Black seems to be
completely fine.}) 22. d5 Nxg5 23. Bxd6 Rd8 24. Bg3 $14 Nf7 25. Nf4 Bxc3 26. bxc3 Nd6 27. Ne6 Rdd7 28. Bxd6 Rxd6 29. Rfe1 Nc7 30. Nf4 (30. Nxc7 Rxc7 31. Re5 {would have been my
choice, because reputation aside, rook endings offer no worse winning chances
than other kinds of ending with the same size of advantage!}) 30... Kf8 31. a4 a6 32. Nd3 Rb8 33. Re5 (33. Ne5 $16) 33... b5 {
[%emt 0:00:14] White is now on the verge of losing control of the situation.}
34. Nxc5 $6 (34. Nb2 $14 {just about retained a measure of
control; White is going to get the c4-square for his knight. For instance:} Kf7
35. cxb5 axb5 36. axb5 Nxb5 37. Nc4 {and the technical battle continues.})
34... bxc4 35. Rd4 Kf7 36.
Kg3 Rb1 (36... Re8 {was much safer; White
has no way to win a pawn with or without compensation.}) 37. Rxc4 Rxd5 38. Rxd5 Nxd5 39.
Nxa6 {[%emt 0:00:06] Now the position is still broadly speaking equal, but
there is an imbalance, and it is often much harder to prove compensation than
to fight against it, particularly in simplified positions.} Rc1 (39... Rg1+ 40. Kf2 Ra1 $11 {was apparently the way to go, intending ...Ra3,
and the pawn should be coming home.}) 40. a5 $1 (40. Nb4 Nxc3
41. Kh4 Rb1 $11 {escapes.}) 40... Nxc3 $6 (40... g5 $5 41. Nb4
f4+ 42. Kf2 Nxb4 43. Rxb4 Rc2+ $1 44. Ke1 Rxc3 45. Ra4 {and now the rook
endgame would be unpleasant were it not for} Rxf3 $1 $11) 41. Kh4 (41. Rc7+ Ke6 $1 42. Rc6+ Ke5 $1 43. Kh4 $14 {might be interesting,
forestalling the idea seen in the game (i.e. ...h6 and ...g5.)}) 41... h6 {
[%emt 0:11:54] The game is still within the drawing margin, but Black is
really cutting it fine.} 42. Nc5 g5+ 43. Kh5 Rh1 44. Kxh6 Rxh3+ 45. Kxg5 Rxf3 {[%emt 0:00:06] Home and dry.} 46. a6 Ne4+ 47. Nxe4 fxe4 48. Ra4 Rg3+ 49. Kf5 Rg8 50. Rxe4 Rh8 51. Re6 Rh5+ 52. Kg4 Ra5 53. Rh6 Kg7 54. Rb6 Kf7 55. Kf4 Ke7 56. Rh6 Kd7 57. a7 Kc7 58. Rh8 Rxa7 59. Rh7+ Kb6 60. Rxa7 Kxa7 61. Ke4 1/2-1/2

[Event "Tata Steel-A 80th"]
[Site "Wijk aan Zee"]
[Date "2018.01.23"]
[Round "9"]
[White "Jones, Gawain C B"]
[Black "Hou, Yifan"]
[Result "1/2-1/2"]
[ECO "E05"]
[WhiteElo "2640"]
[BlackElo "2680"]
[Annotator "Fernandez,D"]
[PlyCount "130"]
[EventDate "2018.01.13"]
[EventType "tourn"]
[EventRounds "13"]
[EventCountry "NED"]
[EventCategory "20"]
[SourceTitle "CBM 183"]
[Source "ChessBase"]
[SourceDate "2018.03.14"]
[SourceVersion "1"]
[SourceVersionDate "2018.03.14"]
[SourceQuality "1"]
[TimeControl "40/6000+30:20/3000+30:900+30"]

1. c4 e6 2. g3 Nf6 3. Bg2 d5 4. Nf3 Be7 5. O-O O-O 6. d4 dxc4 7. Ne5 {[%emt 0:00:16] Gawain Jones departs from
his usual 1.e4 fare and plays a topical Catalan.} Nc6 8. Nxc6 bxc6 9. Na3 Bxa3 10. bxa3 Ba6 {[%emt 0:00:08] Right now this is
fashionable.} (10... Nd5 11. Qa4 Nb6 12. Qa5 (12. Qxc6 Rb8 {is another
significant line, and I think Black is more or less fine here.}) 12... Bb7 13.
Rd1 Qc8 14. Rb1 Rd8 15. e4 Ba6 $1 $132 {Howell,D-Speelman,J England 2017,
Black maintained equality here. It is a fair bet that White knew about this
game and maybe even that Black anticipated he would...}) 11. a4 Qc8 $6 $146 {[%emt 0:14:57] This novelty commits to an exchange sacrifice,
which may not end up working out well.} (11... Qd6 {was a sensible move in a
predecessor game, which Black may have known about.} 12. Qd2 (12. e4 Qb4 13.
Qc2 Rab8 $132) 12... Rfb8 13. Qa5 Rb6 14. Re1 Bb7 (14... Qxd4 $5 {is also
playable}) 15. Qc3 Qb4 16. Qxb4 Rxb4 17. Bd2 Rb2 18. Bc3 Rc2 19. Rec1 Rxc1+ 20.
Rxc1 Nd5 $11 {Wang,Y-Zhou,J Xinghua Jiangsu 2011}) 12. Ba3 Rd8 13. Be7 Rd5 $5 (13... Rd6 $5
$14 {could be the best way to give up the exchange, which in fact White is not
encouraged to take.}) 14. Bxf6 gxf6 15. Bxd5 cxd5 16. e4 $1 dxe4 17. Qg4+ {[%emt 0:00:27] Now White has a material advantage,
and whatever parallel one wants to draw with the ...b5 QGA exchange sacrifice
line or whatever, he stands better.} Kf8 18. Qxe4 Bb7 (18... Qb7 $5 19. Qxh7 Qd5 $14 {offers slightly more
interesting compensation}) 19. Qxh7 Qd7 20.
Qh6+ (20. Qh4 $1 Ke7 21. Rab1 Qd5 22. f3 $16 {was concretely
the way to do it. White need not shrink from Qe4 in what follows.}) 20... Ke7 21. Qe3 Qxa4 22. Rab1 Bd5 $14 {[%emt 0:00:11] Black seems to have broadly speaking
got things back on track. The practical problems caused by the long diagonal
are augmented by the fact that Black has a pawn for the exchange now.} 23. Rb2 Rh8 24. Qc3 a5 25. f3 Kd7 26. Rc1 Ra8
$6 {[%emt 0:06:37] A slightly strange move, unless it occurs to you that Black
might have been concerned about the odd-looking idea of Rb3-a3.} (26... f5 {
was more natural. Now} 27. Rb3 $6 {is nothing in particular after} Qxa2 $1 {
due to the threat to h2.} 28. Rb2 Qa4 $15) 27. Qe3 Rg8 28. Kg2 f5 29. Kf2 Rh8 30. Ke1 Qc6 31.
Rc3 Qa8 32. Qe2 Qa7 33. Qd1 e5 (33... f4 $5 $44 {
kept the tension going longer, and thus might have stood better chances
against a White player who, it seems, might have been making some slightly
sub-optimal calls.}) 34. Qa4+ Kc8 35. Rxc4 {
[%emt 0:00:51] White does not miss his chance to clarify the position at the
cost of reinstating material parity.} Bxc4 36. Qxc4 Rd8 37. Kf1 (37. Qb5 $5 Rxd4 38. Qxe5
$14) 37... Qxd4 38. Qa6+ (38. Qxd4 $5 Rxd4
39. h4 $44) 38... Kd7 39. Qb5+ Ke7 {[%emt 0:
00:53] Black now plays for a win!} 40. Kg2 Rd5 41. Qe2 Kf6 42. Rc2 Qb4 (42... c5 $17 {was completely natural and probably winning,
and would have been a good culmination to the strategy begun with ...Rd5.}) 43.
Qe3 c5 44. Qh6+ Ke7 45. Re2 {[%emt 0:01:52] Now White is in some sense 'in', and
there is compensation again.} Qb5 46. Rf2 Qb8 47. Qg5+ Ke6 48. g4 $1 f4 49. Qf5+ Ke7 50. Re2 Kf8 51. Qf6 Qd6
{[%emt 0:01:49] Black has to give this back to alleviate some of the pressure.
But after this, there are close to no winning chances- for either side.} 52.
Qxd6+ Rxd6 53. Rxe5 Rd2+ 54. Kh3 Rxa2 55. Rxc5 Ra3 56. Kh4 Rxf3 57. Rxa5 Rf2 58. h3 Rf3 59. Rh5 Ra3 60. Rf5 Rf3 61. Rf6 Kg7 62. g5 Kg8 63. Ra6 Kg7 64. Rf6 Kg8 65. Rh6 Rg3 1/2-1/2

[Event "Tata Steel-A 80th"]
[Site "Wijk aan Zee"]
[Date "2018.01.23"]
[Round "9"]
[White "Karjakin, Sergey"]
[Black "Wei, Yi"]
[Result "1/2-1/2"]
[ECO "E11"]
[WhiteElo "2753"]
[BlackElo "2743"]
[Annotator "Fernandez,D"]
[PlyCount "71"]
[EventDate "2018.01.13"]
[EventType "tourn"]
[EventRounds "13"]
[EventCountry "NED"]
[EventCategory "20"]
[SourceTitle "CBM 183"]
[Source "ChessBase"]
[SourceDate "2018.03.14"]
[SourceVersion "1"]
[SourceVersionDate "2018.03.14"]
[SourceQuality "1"]
[TimeControl "40/6000+30:20/3000+30:900+30"]

1. d4 d5 2. c4 e6 3. Nf3 Nf6 4. g3 Bb4+ 5. Bd2 Be7 6. Bg2 O-O 7. O-O Nbd7 (7... c6 {is the main move, and it has recently become fashionable to try
and make something of White's bishop positioning with} 8. Bc3 $5 {which
contains some interesting points although 8...Ne4 should equalise.}) 8. Qc2 (8. Na3 $5 {Aronian,L-Karjakin,S London 2017, was an
interesting new direction.}) 8... c6 9. Rc1 (
9. Bf4 {looks the most constructive, but the standard move-repetition offer}
Nh5 {forces White to then think of something new.}) 9... b6 (
9... Ne4 {might look natural, but concretely here White does not need to worry
about the threatened swap, e.g.} 10. a4 Nxd2 11. Nbxd2 a5 12. e4 {with a space
advantage.}) 10. cxd5 cxd5 11. Bf4 Bb7 12. Qb3 (12. Qa4 {was the path
followed by a noteworthy predecessor.} a6 (12... Rc8 $1 {improves, e.g.} 13.
Rxc8 Qxc8 14. Na3 a6 15. Rc1 Qa8 $11) 13. Rc7 $5 (13. Nbd2 Rc8 14. Qd1 Nh5 15.
Rxc8 Bxc8 16. Rc1 Nxf4 17. gxf4 Bb7 18. e3 Qb8 $11 {Ghaem Maghami,E-Wei,Y
Tashkent 2016}) 13... Rb8 (13... e5 14. dxe5 Qxc7 15. exf6 Bd6 16. fxg7 $14)
14. Nbd2 b5 15. Qc2 Nh5 16. Rxd7 Qxd7 17. Bxb8 Rxb8 18. Ne5 Qd8 19. Nb3 $36 {
White has a very pleasant position- but the question of an advantage is a
different one.}) 12... Rc8 13. Rxc8 Qxc8 14. Nc3 Nh5 {[%emt 0:04:12] A principled
reaction, but not the best.} (14... a6 15. Rc1 Qa8 16. Na4 $5 {is presumably
the wrinkle intended by 12.Qb3. White could have a little something here,
especially if Black's best is ...Qa7, but looking at some concrete details, my
opinion is that this isn't true:} b5 17. Nc5 Rc8 $1 (17... Nxc5 18. dxc5 Ne4
19. Qe3 $132) 18. Nxb7 Qxb7 $11) 15. Bg5 Bxg5 16. Nxg5 Qb8 17. e3 Nhf6 18. Bf1 h6 19. Nf3 Ne4 20. a4 Rc8 {[%emt 0:09:25] Now
White gets a relatively pleasant game.} (20... a6 $5 $11 {is now a good reflex,
refusing to allow pawn weaknesses.}) 21. a5 bxa5 22. Rxa5 Bc6 23. Qa3 Rc7 24. Nxe4 dxe4 25. Nd2
$14 {[%emt 0:00:03] With two pawn weaknesses to White's none (after b3) Black
is reduced to playing responsive chess. Thankfully for him, the position is
quite solid.} Bd5 26. b3 Rb7 27. Ba6 Rc7 28. Bc4 Nf6 29. Qd6 Ne8 30. Qa3 (30. Qe5 Nf6 31. Rc5 Rb7 32. Qxb8+ Rxb8 33. h3 $14 {might have been my
choice, given how much easier it is to outplay someone when there are few
pieces on the board!}) 30... Nf6 31. Kg2 Rb7 32. h3 Kh7 33. Ba6 Rb4 34. Bc4 Rb7 35.
Ra6 Nd7 36. Ra5 {[%emt 0:11:56] Karjakin
doesn't see a way to continue the game.} (36. Qd6 Qxd6 37. Rxd6 Nb6 38. Bxd5
exd5 39. Rc6 {is still slightly interesting}) 1/2-1/2